TOP OF THE 1ST |
Athletic Club KC U-21 batting - Pitching for Galesburg Guzzlers : LHP Jesús Medina
|
Pitching: LHP Jesús Medina
|
|
Batting: RHB Aurelio Álvarez
|
0-0: Ball 1-0: Foul Ball, location: 2F 1-1: Ground out 4-3 (Groundball, 34)
|
Batting: RHB José Flores
|
0-0: Called Strike 0-1: SINGLE (Line Drive, 6MD)
|
Batting: LHB Manuel Domínguez
|
0-0: Foul Ball, location: 2F 0-1: Ball 1-1: Fly out, F8 (Flyball, 8LM)
|
Batting: RHB Diego Bonilla
|
0-0: Ball 1-0: Ball 2-0: Ball 3-0: Called Strike 3-1: Base on Balls José Flores to second
|
Batting: LHB Tony García
|
0-0: Called Strike 0-1: Ball 1-1: Ball 2-1: Foul Ball, location: 2F 2-2: Foul Ball, location: 2F 2-2: Foul Ball, location: 2F 2-2: Ball 3-2: Strikes out swinging
|
Top of the 1st over - 0 run(s), 1 hit(s), 0 error(s), 2 left on base; Athletic Club KC 0 - Galesburg 0 |
BOTTOM OF THE 1ST |
Galesburg Guzzlers batting - Pitching for Athletic Club KC U-21 : RHP Juan Gusmán
|
Pitching: RHP Juan Gusmán
|
|
Batting: RHB Mark Vidal
|
0-0: Ball 1-0: Foul Ball, location: 2F 1-1: Swinging Strike 1-2: Strikes out looking
|
Batting: RHB Frank Crocker
|
0-0: Foul Ball, location: 2F 0-1: Ball 1-1: Bunt for hit - play at first, batter OUT! 5-3
|
Batting: RHB Meka Knight
|
0-0: Ball 1-0: Ball 2-0: Called Strike 2-1: Foul Ball, location: 2F 2-2: Strikes out swinging
|
Bottom of the 1st over - 0 run(s), 0 hit(s), 0 error(s), 0 left on base; Athletic Club KC 0 - Galesburg 0 |
TOP OF THE 2ND |
Athletic Club KC U-21 batting - Pitching for Galesburg Guzzlers : LHP Jesús Medina
|
Batting: RHB Felipe Pabalate
|
0-0: Called Strike 0-1: Reached on error, E6 (Groundball, 6)
|
Batting: RHB Iván Chacón
|
0-0: Ball 1-0: SINGLE (Line Drive, 89M) Felipe Pabalate to second
|
Batting: RHB Pedro Silva
|
0-0: Ball 1-0: Reached on error, E4 (Groundball, 4) Felipe Pabalate to third Iván Chacón to second
|
Batting: LHB Naohiro Sakai
|
0-0: Ball 1-0: SINGLE (Groundball, 5D) Felipe Pabalate scores Iván Chacón to third Pedro Silva to second Runner from 3rd tries for Home, SAFE, no throw or cutoff
|
Batting: RHB Aurelio Álvarez
|
0-0: Called Strike 0-1: Swinging Strike Passed Ball! Pedro Silva to third Naohiro Sakai to second 0-2: Ball 1-2: Strikes out swinging
|
Batting: RHB José Flores
|
0-0: Swinging Strike 0-1: Ball 1-1: Ball 2-1: Foul Ball, location: 2F 2-2: Ball 3-2: Strikes out swinging
|
Batting: LHB Manuel Domínguez
|
0-0: Ball 1-0: Called Strike 1-1: Swinging Strike 1-2: Fly out, F8 (Flyball, 8LXD)
|
Top of the 2nd over - 2 run(s), 2 hit(s), 2 error(s), 2 left on base; Athletic Club KC 2 - Galesburg 0 |
BOTTOM OF THE 2ND |
Galesburg Guzzlers batting - Pitching for Athletic Club KC U-21 : RHP Juan Gusmán
|
Batting: LHB Ray Anderson
|
0-0: Called Strike 0-1: Swinging Strike 0-2: Ball 1-2: Ball 2-2: Foul Ball, location: 2F 2-2: Foul Ball, location: 2F 2-2: Ball 3-2: SINGLE (Groundball, 56D)
|
Batting: RHB Steve Ladner
|
0-0: Called Strike 0-1: Swinging Strike 0-2: Foul Ball, location: 2F 0-2: Ball 1-2: Strikes out swinging
|
Batting: RHB Ken Dillon
|
0-0: Fly out, F9 (Flyball, 89M)
|
Batting: LHB Chris Etheridge
|
0-0: Ball 1-0: Ball Ray Anderson is caught stealing 2nd base
|
Bottom of the 2nd over - 0 run(s), 1 hit(s), 0 error(s), 0 left on base; Athletic Club KC 2 - Galesburg 0 |
TOP OF THE 3RD |
Athletic Club KC U-21 batting - Pitching for Galesburg Guzzlers : LHP Jesús Medina
|
Batting: RHB Diego Bonilla
|
0-0: Ball 1-0: Ball 2-0: Swinging Strike 2-1: Foul Ball, location: 2F 2-2: Fly out, F4 (Popup, 34)
|
Batting: LHB Tony García
|
0-0: Ball 1-0: Called Strike 1-1: Foul Ball, location: 2F 1-2: Foul Ball, location: 2F 1-2: Foul Ball, location: 2F 1-2: Ground out 4-3 (Groundball, 4)
|
Batting: RHB Felipe Pabalate
|
0-0: Foul Ball, location: 2F 0-1: Ball 1-1: Ball 2-1: Called Strike 2-2: Strikes out swinging
|
Top of the 3rd over - 0 run(s), 0 hit(s), 0 error(s), 0 left on base; Athletic Club KC 2 - Galesburg 0 |
BOTTOM OF THE 3RD |
Galesburg Guzzlers batting - Pitching for Athletic Club KC U-21 : RHP Juan Gusmán
|
Batting: LHB Chris Etheridge
|
0-0: Ball 1-0: Ball 2-0: Fly out, F8 (Line Drive, 8RM)
|
Batting: RHB Tripp Donahue
|
0-0: Foul Ball, location: 2F 0-1: Swinging Strike 0-2: Foul Ball, location: 2F 0-2: Foul Ball, location: 2F 0-2: Foul Ball, location: 2F 0-2: Ball 1-2: Ground out 6-3 (Groundball, 6M)
|
Batting: RHB Bubba Blevins
|
0-0: Ball 1-0: Foul Ball, location: 2F 1-1: Foul Ball, location: 2F 1-2: Strikes out swinging
|
Bottom of the 3rd over - 0 run(s), 0 hit(s), 0 error(s), 0 left on base; Athletic Club KC 2 - Galesburg 0 |
TOP OF THE 4TH |
Athletic Club KC U-21 batting - Pitching for Galesburg Guzzlers : LHP Jesús Medina
|
Batting: RHB Iván Chacón
|
0-0: Ball 1-0: Called Strike 1-1: Called Strike 1-2: SINGLE (Line Drive, 4D)
|
Batting: RHB Pedro Silva
|
0-0: Ball 1-0: Foul Ball, location: 2F 1-1: Fly out, F9 (Flyball, 9M)
|
Batting: LHB Naohiro Sakai
|
0-0: Ball 1-0: Foul Ball, location: 2F 1-1: Called Strike 1-2: Ball 2-2: DOUBLE (Line Drive, 9LS) Iván Chacón to third Runner from 3rd tries for Home, SAFE, throw made home
|
Batting: RHB Aurelio Álvarez
|
0-0: Ball 1-0: Called Strike 1-1: Swinging Strike 1-2: Ball 2-2: Ground out 5-3 (Groundball, 56)
|
Batting: RHB José Flores
|
0-0: Fly out, F8 (Flyball, 8RM)
|
Top of the 4th over - 1 run(s), 2 hit(s), 0 error(s), 1 left on base; Athletic Club KC 3 - Galesburg 0 |
BOTTOM OF THE 4TH |
Galesburg Guzzlers batting - Pitching for Athletic Club KC U-21 : RHP Juan Gusmán
|
Batting: RHB Mark Vidal
|
0-0: Bunt missed! 0-1: Ball 1-1: Ball 2-1: Ball 3-1: Base on Balls
|
Batting: RHB Frank Crocker
|
0-0: Foul Ball, location: 2F 0-1: Called Strike 0-2: Ball 1-2: Foul Ball, location: 2F 1-2: Strikes out swinging
|
Batting: RHB Meka Knight
|
0-0: Ball 1-0: Called Strike 1-1: Ball 2-1: Reached on Error, E7 (Flyball, 78M) Mark Vidal to second
|
Batting: LHB Ray Anderson
|
0-0: Called Strike 0-1: Ball 1-1: Fly out, F4 (Line Drive, 4)
|
Batting: RHB Steve Ladner
|
0-0: Ball Passed Ball! Mark Vidal to third Meka Knight to second 1-0: Called Strike 1-1: Foul Ball, location: 2F 1-2: Ball 2-2: Fly out, F3 (Popup, 3F)
|
Bottom of the 4th over - 0 run(s), 0 hit(s), 1 error(s), 2 left on base; Athletic Club KC 3 - Galesburg 0 |
TOP OF THE 5TH |
Athletic Club KC U-21 batting - Pitching for Galesburg Guzzlers : LHP Jesús Medina
|
Batting: LHB Manuel Domínguez
|
0-0: Called Strike 0-1: Called Strike 0-2: Strikes out swinging
|
Batting: RHB Diego Bonilla
|
0-0: SINGLE (Line Drive, 4D)
|
Batting: LHB Tony García
|
0-0: Swinging Strike 0-1: Foul Ball, location: 2F 0-2: Foul Ball, location: 2F 0-2: Foul Ball, location: 2F 0-2: Strikes out looking
|
Batting: RHB Felipe Pabalate
|
0-0: Ground out 6-3 (Groundball, 6)
|
Top of the 5th over - 0 run(s), 1 hit(s), 0 error(s), 1 left on base; Athletic Club KC 3 - Galesburg 0 |
BOTTOM OF THE 5TH |
Galesburg Guzzlers batting - Pitching for Athletic Club KC U-21 : RHP Juan Gusmán
|
Batting: RHB Ken Dillon
|
0-0: Ball 1-0: Called Strike 1-1: Ball 2-1: Ball 3-1: Foul Ball, location: 2F 3-2: Strikes out swinging
|
Batting: LHB Chris Etheridge
|
0-0: Called Strike 0-1: SINGLE (Line Drive, 89S)
|
Batting: RHB Tripp Donahue
|
0-0: Ball 1-0: Called Strike 1-1: Foul Ball, location: 2F 1-2: Fly out, F9 (Flyball, 9M)
|
Batting: RHB Bubba Blevins
|
0-0: Ball 1-0: Ball 2-0: Called Strike 2-1: Foul Ball, location: 2F 2-2: Reached on error, E5 (Groundball, 5L) Chris Etheridge to third
|
Batting: RHB Mark Vidal
|
0-0: Ball 1-0: Swinging Strike 1-1: Ball 2-1: Foul Ball, location: 2F 2-2: Foul Ball, location: 2F 2-2: Ball 3-2: SINGLE (Line Drive, 34D) Chris Etheridge scores Bubba Blevins to third Bubba Blevins scores
|
Batting: RHB Frank Crocker
|
0-0: DOUBLE (Line Drive, 89M) Mark Vidal to third Runner from 3rd tries for Home, SAFE, no throw or cutoff
|
Batting: RHB Meka Knight
|
0-0: Called Strike 0-1: Foul Ball, location: 2F 0-2: Strikes out swinging
|
Bottom of the 5th over - 3 run(s), 3 hit(s), 1 error(s), 1 left on base; Athletic Club KC 3 - Galesburg 3 |
TOP OF THE 6TH |
Athletic Club KC U-21 batting - Pitching for Galesburg Guzzlers : LHP Jesús Medina
|
Batting: RHB Iván Chacón
|
0-0: Foul Ball, location: 2F 0-1: Foul Ball, location: 2F 0-2: Ball 1-2: Ball 2-2: Foul Ball, location: 2F 2-2: SINGLE (Flyball, 4D)
|
Batting: RHB Pedro Silva
|
0-0: Ball 1-0: Bunted foul 1-1: Ball 2-1: Bunt - Flyout! F2
|
Batting: LHB Naohiro Sakai
|
0-0: Ball 1-0: Ball 2-0: Swinging Strike 2-1: Foul Ball, location: 2F 2-2: Ball 3-2: Strikes out swinging Iván Chacón is caught stealing 2nd base Batter strikes out.
|
Top of the 6th over - 0 run(s), 1 hit(s), 0 error(s), 0 left on base; Athletic Club KC 3 - Galesburg 3 |
BOTTOM OF THE 6TH |
Galesburg Guzzlers batting - Pitching for Athletic Club KC U-21 : RHP Juan Gusmán
|
Batting: LHB Ray Anderson
|
0-0: SINGLE (Groundball, 34)
|
Batting: RHB Steve Ladner
|
0-0: Swinging Strike 0-1: SINGLE (Groundball, 6MD) Ray Anderson to second Runner from 2nd tries for 3rd, SAFE, throw made to third
|
Batting: RHB Ken Dillon
|
0-0: Called Strike 0-1: Ball 1-1: Foul Ball, location: 2F 1-2: Ball 2-2: Ball 3-2: Foul Ball, location: 2F 3-2: Base on Balls Steve Ladner to second
|
Pitching: LHP Alonso Muñíz
|
|
Batting: LHB Chris Etheridge
|
0-0: Ball 1-0: Ball 2-0: DOUBLE (Groundball, 3L) Ray Anderson scores Steve Ladner scores Ken Dillon to third
|
Batting: RHB Tripp Donahue
|
0-0: Ball 1-0: Ball 2-0: Swinging Strike 2-1: Foul Ball, location: 2F 2-2: Strikes out looking
|
Batting: RHB Bubba Blevins
|
0-0: Called Strike 0-1: Ball 1-1: Swinging Strike 1-2: Ball 2-2: Ball 3-2: Fly out, F8 (Flyball, 8LS)
|
Batting: RHB Mark Vidal
|
0-0: Ball 1-0: Fly out, F9 (Flyball, 9M)
|
Bottom of the 6th over - 2 run(s), 3 hit(s), 0 error(s), 2 left on base; Athletic Club KC 3 - Galesburg 5 |
TOP OF THE 7TH |
Athletic Club KC U-21 batting - Pitching for Galesburg Guzzlers : LHP Jesús Medina
|
Batting: RHB Aurelio Álvarez
|
0-0: Called Strike 0-1: Ball 1-1: Foul Ball, location: 2F 1-2: Ball 2-2: Foul Ball, location: 2F 2-2: Foul Ball, location: 2F 2-2: DOUBLE (Line Drive, 78M)
|
Pitching: LHP Jim Unknown
|
|
Batting: RHB José Flores
|
0-0: Foul Ball, location: 2F 0-1: Swinging Strike 0-2: Foul Ball, location: 2F 0-2: Ball 1-2: Ball 2-2: Strikes out swinging
|
Batting: LHB Manuel Domínguez
|
0-0: Ball 1-0: Swinging Strike 1-1: Swinging Strike 1-2: Ground out 6-3 (Groundball, 6) Aurelio Álvarez to third
|
Batting: RHB Diego Bonilla
|
0-0: Ball Steal of home, Aurelio Álvarez is safe 1-0: Ball 2-0: Called Strike 2-1: Ball 3-1: Foul Ball, location: 2F 3-2: Base on Balls
|
Batting: LHB Tony García
|
0-0: Ball 1-0: Foul Ball, location: 2F 1-1: Called Strike 1-2: Strikes out swinging
|
Top of the 7th over - 1 run(s), 1 hit(s), 0 error(s), 1 left on base; Athletic Club KC 4 - Galesburg 5 |
BOTTOM OF THE 7TH |
Galesburg Guzzlers batting - Pitching for Athletic Club KC U-21 : LHP Alonso Muñíz
|
Batting: RHB Frank Crocker
|
0-0: Called Strike 0-1: Foul Ball, location: 2F 0-2: Ball 1-2: Strikes out looking
|
Batting: RHB Meka Knight
|
0-0: Ball 1-0: Called Strike 1-1: Fly out, F7 (Flyball, 7S)
|
Batting: LHB Ray Anderson
|
0-0: Foul Ball, location: 2F 0-1: Ball 1-1: Ground out U3 (Groundball, 3S)
|
Bottom of the 7th over - 0 run(s), 0 hit(s), 0 error(s), 0 left on base; Athletic Club KC 4 - Galesburg 5 |
TOP OF THE 8TH |
Athletic Club KC U-21 batting - Pitching for Galesburg Guzzlers : LHP Jim Unknown
|
Pitching: RHP Jim Unknown
|
|
Batting: RHB Felipe Pabalate
|
0-0: Foul Ball, location: 2F 0-1: Ball 1-1: Swinging Strike 1-2: SINGLE (Flyball, 9S)
|
Pinch Runner at 1st Filip Huigen:
|
|
Pinch Hitting: SHB Sang-your Yu
|
0-0: Ball 1-0: Ball 2-0: Called Strike 2-1: Fly out, F6 (Popup, 6MS)
|
Batting: RHB Pedro Silva
|
0-0: Ball 1-0: Ball 2-0: Called Strike 2-1: Fly out, F4 (Line Drive, 34)
|
Batting: LHB Naohiro Sakai
|
0-0: Foul Ball, location: 2F 0-1: Ball 1-1: Ball 2-1: Foul Ball, location: 2F 2-2: Foul Ball, location: 2F 2-2: Ball 3-2: Base on Balls Filip Huigen to second
|
Batting: RHB Aurelio Álvarez
|
0-0: Fly out, F7 (Flyball, 7M)
|
Top of the 8th over - 0 run(s), 1 hit(s), 0 error(s), 2 left on base; Athletic Club KC 4 - Galesburg 5 |
BOTTOM OF THE 8TH |
Galesburg Guzzlers batting - Pitching for Athletic Club KC U-21 : LHP Alonso Muñíz
|
Now at 2B: Enrique Miranda
|
|
Now in LF: Filip Huigen
|
|
Batting: RHB Steve Ladner
|
0-0: Ball 1-0: Ball 2-0: Called Strike 2-1: Foul Ball, location: 2F 2-2: Fly out, F9 (Flyball, 89D)
|
Batting: RHB Ken Dillon
|
0-0: Fly out, F7 (Line Drive, 7LM)
|
Now in LF: Alfonso Ciucio
|
|
Batting: LHB Chris Etheridge
|
0-0: Called Strike 0-1: Called Strike 0-2: Ball 1-2: Foul Ball, location: 2F 1-2: Ball 2-2: Fly out, F4 (Popup, 3F)
|
Bottom of the 8th over - 0 run(s), 0 hit(s), 0 error(s), 0 left on base; Athletic Club KC 4 - Galesburg 5 |
TOP OF THE 9TH |
Athletic Club KC U-21 batting - Pitching for Galesburg Guzzlers : RHP Jim Unknown
|
Pitching: RHP Jim Unknown
|
|
Batting: RHB José Flores
|
0-0: Ball 1-0: Ball 2-0: Called Strike 2-1: Foul Ball, location: 2F 2-2: Foul Ball, location: 2F 2-2: Foul Ball, location: 2F 2-2: Strikes out looking
|
Batting: LHB Manuel Domínguez
|
0-0: Ball 1-0: Swinging Strike 1-1: Ball 2-1: Fly out, F7 (Flyball, 78S)
|
Batting: RHB Diego Bonilla
|
0-0: Called Strike 0-1: Ground out 4-3 (Groundball, 4M)
|
Top of the 9th over - 0 run(s), 0 hit(s), 0 error(s), 0 left on base; Athletic Club KC 4 - Galesburg 5 |
|